AoeStats
← flynorc

Lombardia

508204055Analyzed
4v4 RM · 10d ago on Sep 21, 2026· 80m 54s· 8 players
Game mode
Random Map
Map size
Large (8 player)
Population
200
Speed
Normal
Resources
Standard
Victory
Conquest
Starting age
Dark Age
Ending age
Imperial Age
RankedLock teamsTeams togetherTeam positionsShared explorationLock speedFull tech treeHidden civsTurbo modeCheats
Victory
Defeat
🇹🇷 Vietnamese · Türkiye
1633
+7
🇹🇼 Malay · Taiwan
1383
+16
🇩🇿 Wei · Algeria
1351
+18
🇹🇷 Magyars · Türkiye
1207
+22
🇦🇹 Saracens · Austria
1436
-18
🇩🇪 Bulgarians · Germany
1398
-16
🇫🇷 Slavs · France
1376
-15
🇩🇪 Ethiopians · Germany
1352
-14
Oh Bossom
10:17 Feudal Age
9:28 Loom
14:50 Castle Age
13:48 Gold Mining
13:44 Double-Bit Axe
13:43 Horse Collar
21:59 Heavy Plow
22:10 Bow Saw
22:16 Bow Saw
23:52 Wheelbarrow
25:52 Hand Cart
26:22 Town Watch
30:15 Imperial Age
28:21 Scale Barding Armor
28:26 Forging
29:44 Chain Barding Armor
30:19 Gold Shaft Mining
29:39 Stone Mining
30:29 Bloodlines
30:20 Husbandry
30:42 Heavy Plow
31:29 Iron Casting
31:32 Plate Barding Armor
30:19 Cavalier
31:37 Iron Casting
30:40 Light Cavalry
33:30 Blast Furnace
32:55 Scale Mail Armor
33:01 Squires
32:46 Gambesons
33:18 Stirrups
34:28 Bagains
34:48 Conscription
34:32 Capped Ram
34:34 Pikeman
35:30 Chain Mail Armor
36:55 Stone Shaft Mining
36:53 Crop Rotation
36:56 Plate Mail Armor
35:48 Halberdier
37:04 Siege Ram
38:08 Hussar
40:48 Ballistics
40:19 Fletching
42:32 Arson
45:41 Caravan
46:11 Coinage
46:55 Town Patrol
48:16 Banking
58:38 Bodkin Arrow
67:20 Chemistry
66:31 Masonry
76:02 Architecture
75:38 Siege Engineers
75:30 Murder Holes
75:43 Siege Engineers
Creed
11:05 Feudal Age
15:11 Castle Age
14:54 Double-Bit Axe
14:50 Horse Collar
16:06 Heavy Plow
16:18 Bow Saw
25:09 Gold Mining
26:02 Wheelbarrow
25:13 Loom
30:21 Imperial Age
28:01 Fletching
28:11 Padded Archer Armor
29:29 Gold Shaft Mining
29:28 Hand Cart
28:36 Crossbowman
29:42 Bodkin Arrow
30:02 Leather Archer Armor
30:12 Ballistics
30:11 Thumb Ring
30:04 Town Watch
31:18 Bracer
31:48 Ring Archer Armor
31:42 Arbalester
34:21 Chemistry
33:27 Siege Engineers
42:27 Masonry
44:11 Town Patrol
46:55 Caravan
47:18 Royal Heirs
47:24 Royal Heirs
47:45 Conscription
46:55 Heavy Camel Rider
47:36 Husbandry
49:37 Forging
49:32 Scale Barding Armor
50:42 Iron Casting
50:27 Chain Barding Armor
49:57 Elite Skirmisher
52:50 Blast Furnace
53:16 Two-Man Saw
56:01 Onager
56:56 Scale Mail Armor
57:02 Heavy Scorpion
57:36 Man-at-Arms
57:38 Halberdier
58:18 Squires
58:04 Arson
59:08 Chain Mail Armor
69:45 Plate Mail Armor
80:14 Coinage
79:55 Guilds
Zozénia
11:49 Feudal Age
15:27 Castle Age
13:48 Double-Bit Axe
15:07 Horse Collar
16:32 Bow Saw
24:13 Wheelbarrow
23:35 Loom
24:52 Heavy Plow
25:20 Town Watch
25:58 Stone Mining
25:58 Gold Mining
26:38 Hand Cart
30:28 Imperial Age
28:07 Scale Mail Armor
28:18 Forging
29:00 Gold Shaft Mining
29:04 Chain Mail Armor
28:54 Pikeman
29:34 Squires
30:15 Iron Casting
29:41 Man-at-Arms
30:52 Masonry
30:37 Halberdier
31:22 Fletching
32:35 Blast Furnace
32:06 Plate Mail Armor
30:57 Long Swordsman
31:14 Capped Ram
31:40 Two-Handed Swordsman
32:14 Fletching
32:28 Druzhina
33:54 Conscription
32:56 Siege Ram
34:17 Champion
38:54 Chemistry
37:59 Heavy Scorpion
39:07 Ballistics
40:48 Siege Engineers
44:43 Scale Barding Armor
44:45 Detinets
44:56 Bodkin Arrow
45:13 Bloodlines
45:03 Husbandry
45:45 Chain Barding Armor
47:00 Plate Barding Armor
45:58 Elite Boyar
49:46 Caravan
flynorc
10:57 Feudal Age
14:28 Castle Age
12:39 Double-Bit Axe
12:41 Horse Collar
15:56 Bow Saw
17:22 Loom
22:27 Wheelbarrow
25:30 Town Watch
26:10 Hand Cart
30:18 Imperial Age
28:07 Scale Barding Armor
28:49 Heavy Plow
29:20 Chain Barding Armor
29:36 Fletching
29:57 Forging
30:31 Bloodlines
30:21 Husbandry
30:51 Bodkin Arrow
31:02 Elite Mameluke
32:34 Plate Barding Armor
32:35 Iron Casting
34:33 Blast Furnace
33:34 Bracer
35:17 Gold Mining
36:28 Two-Man Saw
35:31 Padded Archer Armor
36:16 Conscription
37:48 Leather Archer Armor
39:03 Heavy Camel Rider
40:36 Gold Shaft Mining
39:52 Stone Mining
41:43 Coinage
42:21 Masonry
43:49 Murder Holes
44:36 Banking
45:57 Ballistics
46:49 Thumb Ring
46:04 Elite Skirmisher
47:33 Caravan
49:21 Ring Archer Armor
49:52 Chemistry
66:49 Light Cavalry
69:44 Hussar
70:19 Capped Ram
73:01 Siege Ram
WololoMyEx
3:37 Loom
10:40 Feudal Age
11:11 Double-Bit Axe
15:41 Castle Age
13:38 Horse Collar
15:22 Wheelbarrow
17:13 Bow Saw
26:47 Gold Mining
26:50 Stone Mining
27:20 Hand Cart
27:32 Heavy Plow
28:12 Scale Barding Armor
28:18 Forging
29:13 Chain Barding Armor
31:36 Imperial Age
29:46 Bloodlines
29:36 Husbandry
30:25 Iron Casting
30:20 Tuntian
30:16 Town Watch
32:20 Gold Shaft Mining
32:22 Stone Shaft Mining
31:39 Elite Tiger Cavalry
32:50 Ming Guang Armor
32:48 Conscription
33:35 Blast Furnace
33:08 Crop Rotation
37:25 Caravan
50:42 Man-at-Arms
51:23 Squires
51:08 Arson
51:22 Long Swordsman
52:21 Scale Mail Armor
51:53 Two-Handed Swordsman
53:46 Chain Mail Armor
53:23 Pikeman
54:07 Halberdier
55:33 Fletching
56:33 Ballistics
57:14 Chemistry
55:55 Treadmill Crane
56:25 Masonry
56:26 Fortified Wall
60:35 Murder Holes
60:51 Heavy Scorpion
74:54 Onager
RiasSei
10:44 Feudal Age
12:40 Double-Bit Axe
15:21 Castle Age
13:20 Horse Collar
16:17 Bow Saw
16:13 Heavy Plow
19:40 Loom
23:51 Wheelbarrow
24:54 Hand Cart
24:41 Gold Mining
24:55 Town Watch
29:04 Imperial Age
27:04 Scale Barding Armor
27:10 Forging
28:21 Ballistics
28:23 Chain Barding Armor
28:29 Caravan
28:40 Chatras
29:06 Bloodlines
28:56 Husbandry
29:46 Iron Casting
30:24 Plate Barding Armor
31:09 Two-Man Saw
30:41 Crop Rotation
29:46 Light Cavalry
30:58 Fortified Wall
31:48 Chemistry
32:00 Paper Money
33:19 Fletching
33:30 Elite Battle Elephant
37:22 Coinage
39:13 Banking
41:00 Bodkin Arrow
43:42 Bracer
43:44 Padded Archer Armor
45:38 Leather Archer Armor
47:31 Elite Rattan Archer
54:20 Ring Archer Armor
57:54 Scale Mail Armor
57:56 Elite Fire Lancer
58:22 Arson
58:37 Squires
62:01 Chain Mail Armor
61:53 Siege Engineers
67:33 Plate Mail Armor
75:19 Murder Holes
大漁哥哥
8:55 Loom
10:41 Feudal Age
15:32 Castle Age
13:58 Double-Bit Axe
14:29 Horse Collar
16:42 Bow Saw
21:36 Heavy Plow
24:50 Wheelbarrow
24:05 Town Watch
25:57 Hand Cart
26:35 Gold Mining
26:36 Stone Mining
27:16 Caravan
28:50 Gold Shaft Mining
28:52 Stone Shaft Mining
29:54 Forging
29:50 Scale Barding Armor
32:56 Imperial Age
31:23 Iron Casting
31:32 Fletching
31:43 Padded Archer Armor
31:31 Crossbowman
32:18 Thumb Ring
33:25 Conscription
32:32 Arbalester
33:45 Bodkin Arrow
34:06 Leather Archer Armor
33:26 Elite Skirmisher
35:11 Chemistry
33:53 Treadmill Crane
34:24 Masonry
34:10 Murder Holes
34:30 Bracer
35:33 Forced Levy
34:56 Man-at-Arms
35:36 Squires
35:23 Arson
36:33 Ring Archer Armor
36:30 Ballistics
36:00 Long Swordsman
36:33 Two-Handed Swordsman
38:34 Blast Furnace
43:33 Capped Ram
48:21 Imperial Skirmisher
52:08 Pikeman
53:08 Halberdier
58:24 Husbandry
62:23 Light Cavalry
63:55 Elite Battle Elephant
67:44 Siege Engineers
71:07 Bombard Tower
77:29 Guilds
Exellence
4:51 Loom
11:05 Feudal Age
18:06 Castle Age
16:13 Double-Bit Axe
16:15 Horse Collar
17:17 Stone Mining
20:38 Bow Saw
25:07 Wheelbarrow
24:19 Town Watch
25:46 Heavy Plow
27:31 Hand Cart
27:36 Gold Mining
29:47 Gold Shaft Mining
29:22 Caravan
33:44 Imperial Age
31:32 Fletching
31:44 Padded Archer Armor
31:50 Scale Barding Armor
32:16 Thumb Ring
32:10 Bodkin Arrow
33:14 Leather Archer Armor
33:48 Bloodlines
33:39 Husbandry
35:07 Parthian Tactics
34:17 Heavy Cavalry Archer
35:25 Conscription
36:38 Two-Man Saw
35:52 Recurve Bow
36:06 Bracer
36:47 Ring Archer Armor
41:44 Elite Skirmisher
42:51 Ballistics
44:50 Chemistry
44:20 Capped Ram
51:02 Chain Barding Armor
50:07 Light Cavalry
52:13 Hussar
54:48 Plate Barding Armor
71:50 Masonry
Connection lost

Rejoining the realm…

Still unreachable

The connection could not be restored.

Session expired

The server has moved on; the page needs a fresh start.